 Dungeon Crawl Stone Soup version 0.27-a0-1321-gd358eaa319 (webtiles) character file.

Game seed: 16208593064941144655

42 Delamore the Skirmisher (level 3, 0/30 HPs)
             Began as a Formicid Fighter on June 22, 2021.
             Killed from afar by an orc wizard (5 damage)
             ... with a magic dart
             ... on level 2 of the Dungeon.
             The game lasted 00:01:52 (1005 turns).

Delamore the Skirmisher (Formicid Fighter)          Turns: 1005, Time: 00:01:53

Health: 0/30       AC:  8    Str: 21    XL:     3   Next: 80%
Magic:  3/3        EV:  8    Int:  7    God:
Gold:   42         SH:  0    Dex: 10    Spells: 2/2 levels left

rFire    . . .     SeeInvis +   a - +0 trident
rCold    . . .     Faith    .   c - +0 kite shield
rNeg     . . .     Spirit   .   b - +0 scale mail
rPois    .         Reflect  .   (helmet unavailable)
rElec    .         Harm     .   i - +0 cloak
rCorr    .         Rampage  .   (no gloves)
Will     .....                  (no boots)
Stlth    ..........             (no amulet)
HPRegen  0.10/turn              (no ring)
MPRegen  0.08/turn              (no ring)

@: confused
A: permanent stasis, dig shafts and tunnels, antennae 3, four strong arms
a: Dig, Shaft Self


You were on level 2 of the Dungeon.
You visited 1 branch of the dungeon, and saw 2 of its levels.

You collected 42 gold pieces.

Inventory:

Hand Weapons
 a - a +0 trident (weapon)
Armour
 b - a +0 scale mail (worn)
 c - a +0 kite shield (worn)
 i - a +0 cloak (worn)
Potions
 d - a potion of might
 e - a potion of brilliance {unknown}
 g - a potion of degeneration {unknown}
 h - a potion of flight {unknown}


   Skills:
 + Level 3.9 Fighting
 * Level 3.3 Polearms
 - Level 3.2 Armour
 - Level 3.6 Shields


You had 2 spell levels left.
You didn't know any spells.
Your spell library contained the following spells:

 Spells                   Type           Power      Damage    Failure   Level
 Animate Skeleton         Necr           0%         N/A       99%         1
 Apportation              Tloc           0%         N/A       99%         1
 Corona                   Hex            0%         N/A       99%         1
 Summon Small Mammal      Summ           0%         N/A       99%         1


Dungeon Overview and Level Annotations

Branches:
Dungeon (2/15)

Altars:


Innate Abilities, Weirdness & Mutations

You cannot be hasted, slowed, berserked, paralysed or teleported.
You can dig through walls and to a lower floor.
You have a pair of large antennae on your head. (SInv)
Your four strong arms can wield two-handed weapons with a shield.


Message History

The orc wizard hits you but does no damage.
The orc completely misses you. The orc hits you but does no damage.
You miss the orc wizard. The orc wizard barely misses you.
The orc hits you with a +0 dagger. x2
The orc wizard hits you but does no damage.
You barely miss the orc wizard. The orc closely misses you.
The orc completely misses you. The orc wizard barely misses you.
The orc barely misses you. The orc hits you but does no damage.
You closely miss the orc.
The orc wizard hits you but does no damage.
The orc hits you with a +0 dagger. The orc hits you but does no damage.
You hit the orc wizard but do no damage.
The orc wizard completely misses you. The orc hits you but does no damage.
The orc barely misses you. The orc wizard casts a spell at you.
The magic dart hits you.
You are too confused!
You bump into the rock wall.
You feel less confused. You block the orc's attack. x2
You extend your mandibles.
You dig through the rock wall.
The orc wizard casts a spell at you.
You are confused.
Your mandibles retract as you bump into the rock wall.
You are too confused!
You bump into the rock wall.
You barely miss the orc wizard.
The orc wizard hits you but does no damage.
The orc hits you with a +0 dagger.
You bump into the rock wall.
The orc wizard hits you with a +2 dagger of flaming.
* * * LOW HITPOINT WARNING * * *
The orc wizard burns you.
* * * LOW HITPOINT WARNING * * *
The orc completely misses you.
You bump into the rock wall.
The orc barely misses you. The orc wizard casts a spell at you.
The magic dart hits you.
You die...

#.##########+#
#..........#.###
######..........
+...>......
#..........
#..........
#..........
##o.........
#@o.........
##o[........
#..........
###########


You could see an orc wizard (invisible) and 2 orcs.

Vanquished Creatures
  A gnoll (D:1)
  A worm (D:2)
  2 endoplasms (D:1)
  2 giant cockroaches (D:1)
  3 goblins (D:1)
  6 hobgoblins (D:1)
  3 jackals (D:1)
  A ball python (D:1)
  2 bats (D:1)
  3 kobolds (D:1)
  3 rats (D:1)
27 creatures vanquished.

Vanquished Creatures (others)
  2 plants (D:1)
2 creatures vanquished.

Grand Total: 29 creatures vanquished

Notes
Turn   | Place    | Note
-------+----------+-------------------------------------------
     0 | D:1      | Delamore the Formicid Fighter began the quest for the Orb.
     0 | D:1      | Reached XP level 1. HP: 18/18 MP: 1/1
    82 | D:1      | Reached XP level 2. HP: 20/24 MP: 2/2
   213 | D:1      | Reached XP level 3. HP: 28/30 MP: 3/3
  1005 | D:2      | Killed from afar by an orc wizard

Illustrated notes

Levels and vault maps discovered:
D:1:      kennysheep_arrival_forest, layout_rooms, serial_forest,
          infiniplex_forest_clump_tiny, infiniplex_forest_3_way,
          infiniplex_forest_corner_2, infiniplex_forest_fountain,
          infiniplex_forest_lined_corner, infiniplex_forest_straight_3,
          infiniplex_forest_end_2, infiniplex_forest_clump_cross,
          serial_park_tiny_1, hangedman_decor_points, minivault_11
D:2:      layout_basic, hellmonk_ecumenical_altar_inner_sanctum

Skill      XL: |  1  2  3 |
---------------+----------+-----
Polearms       | 3 |  3.3
Fighting       | |  3.9
Armour         | |  3.2
Shields        | |  3.6

Action                   || total
-------------------------++-------
Melee: Trident           ||   111
 Abil: Dig               ||     3
  Use: Scroll            ||     2
Armor: Scale mail        ||    63
Dodge: Dodged            ||    52
Block: Kite shield       ||    51

Table legend: (Time is in decaauts)
 A = Elapsed time spent in this place.
 B = Non-inter-level travel time spent in this place.
 C = Inter-level travel time spent in this place.
 D = Time resting spent in this place.
 E = Time spent auto-exploring this place.
 F = Levels seen in this place.
 G = Mean time per level.
                   A        B        C        D        E       F      G
               +--------+--------+--------+--------+--------+-----+--------+
         Total |   1042 |   1031 |     11 |     80 |    700 |   2 |  521.0 |
       Dungeon |   1042 |   1031 |     11 |     80 |    700 |   2 |  521.0 |
               +--------+--------+--------+--------+--------+-----+--------+

Top non-repeatable levels by time:
     D:1: 917 daAuts
     D:2: 125 daAuts
